San Jose Sharks vs Edmonton Oilers
Created - Thursday, February 19, 2026 at 09:26
Goals
|
| San Jose Sharks |
1 |
2 |
2 |
5 |
| Edmonton Oilers |
1 |
2 |
0 |
3 |
|
Shots
|
| San Jose Sharks |
8 |
15 |
14 |
37 |
| Edmonton Oilers |
10 |
19 |
17 |
46 |
|
1st period
1. Edmonton Oilers , Brock Boeser 8 (David Savard 8) at 1:20
2. San Jose Sharks , Morgan Geekie 14 (Marcus Pettersson 5) at 7:58
Penalties :
Connor McMichael (EDM) for Tripping (Minor) at 6:30, Connor Murphy (SJS) for Hooking (Minor) at 6:43, Connor McMichael (EDM) for Cross-checking (Minor) at 10:02, Evan Bouchard (EDM) for Tripping (Minor) at 16:00
2nd period
3. San Jose Sharks , Ilya Mikheyev 7 (Mattias Janmark 6, Alexander Wennberg 13) at 11:00 (PP)
4. San Jose Sharks , Morgan Geekie 15 (Owen Tippett 14, Adam Henrique 20) at 13:39
5. Edmonton Oilers , Jacob Trouba 2 (Kirill Marchenko 17, Adrian Kempe 22) at 16:12 (PP)
6. Edmonton Oilers , Connor McMichael 13 (Jake DeBrusk 12) at 16:49
Penalties :
Max Domi (SJS) for Holding (Minor) at 5:36, Troy Stecher (EDM) for Tripping (Minor) at 10:24, Jake Middleton (SJS) for Interference (Minor) at 15:32, Connor Murphy (SJS) for Tripping (Minor) at 18:14
3rd period
7. San Jose Sharks , Alexander Wennberg 13 (Marcus Pettersson 6) at 3:04 (PP)
8. San Jose Sharks , Owen Tippett 16 (Adam Henrique 21) at 18:52 (Empty Net)
Penalties :
Connor McMichael (EDM) for Slashing (Minor) at 2:26
Goalie Stats
Adin Hill (SJS), 43 saves from 46 shots - (0.935), W, 13-5-1, 60:00 minutes
Karel Vejmelka (EDM), 32 saves from 36 shots - (0.889), L, 9-7-3, 59:46 minutes
Players Stats for San Jose Sharks
Player Name G A P +/- PIM S H SB GA TA FO MP PP MP PK MP
------------------------------------------------------------------------------------
Adam Henrique 0 2 2 2 0 2 1 1 0 1 12/30 19:45 2:39 2:25
Alexander Wennberg 1 1 2 0 0 7 0 2 4 0 0/3 19:38 2:20 2:20
Andrew Copp 0 0 0 -1 0 1 0 1 1 0 3/7 11:51 0:00 0:06
Anthony Beauvillier 0 0 0 0 0 2 1 0 0 0 0/0 8:32 0:00 0:00
Connor Murphy 0 0 0 0 4 2 2 4 0 2 0/0 24:34 2:10 1:10
Ilya Mikheyev 1 0 1 0 0 6 0 1 2 1 0/0 11:03 2:43 0:00
Jake Middleton 0 0 0 2 2 0 0 0 0 0 0/0 20:34 2:38 1:48
Joel Edmundson 0 0 0 0 0 0 1 1 0 1 0/0 25:42 2:33 2:15
Luke Glendening 0 0 0 0 0 0 0 0 0 0 3/6 8:32 0:00 0:00
Marcus Pettersson 0 2 2 2 0 1 1 3 0 0 0/0 21:23 2:38 2:36
Mattias Janmark 0 1 1 -1 0 3 1 0 0 0 0/0 15:51 2:43 0:03
Mattias Samuelsson 0 0 0 -1 0 0 0 0 0 0 0/0 14:22 0:36 0:08
Max Domi 0 0 0 -1 2 0 1 1 0 2 0/0 11:48 0:03 0:00
Morgan Frost 0 0 0 -1 0 2 0 0 1 0 9/17 13:39 0:45 0:00
Morgan Geekie 2 0 2 3 0 7 1 1 1 2 0/0 20:04 2:23 2:20
Oliver Ekman-Larsson 0 0 0 -1 0 1 0 0 0 0 0/0 14:40 0:14 1:45
Owen Tippett 1 1 2 2 0 3 2 0 1 1 2/2 19:44 2:39 2:28
Peyton Krebs 0 0 0 -1 0 0 0 0 1 0 1/1 11:37 0:00 0:00
Players Stats for Edmonton Oilers
Player Name G A P +/- PIM S H SB GA TA FO MP PP MP PK MP
------------------------------------------------------------------------------------
Adrian Kempe 0 1 1 -2 0 4 3 0 3 0 0/0 16:18 2:22 0:00
Boone Jenner 0 0 0 -1 0 0 2 0 0 0 2/4 11:36 0:00 0:00
Brandon Carlo 0 0 0 0 0 1 2 3 0 1 0/0 23:20 2:23 3:00
Brock Boeser 1 0 1 1 0 4 1 1 0 0 4/8 19:48 2:26 2:44
Connor McMichael 1 0 1 2 6 3 0 0 1 2 10/21 16:22 2:29 0:00
David Savard 0 1 1 0 0 1 1 0 0 1 0/0 22:33 2:28 2:25
Dawson Mercer 0 0 0 -1 0 2 1 1 0 0 0/1 11:36 0:00 0:00
Derek Ryan 0 0 0 0 0 4 0 0 2 1 0/0 9:21 0:00 0:00
Dylan Holloway 0 0 0 -1 0 4 1 1 1 0 0/0 11:36 0:00 0:00
Evan Bouchard 0 0 0 0 2 2 1 0 0 1 0/0 21:28 2:28 1:21
Jacob Trouba 1 0 1 0 0 3 1 2 0 1 0/0 23:20 2:23 3:00
Jake DeBrusk 0 1 1 2 0 9 0 0 0 1 1/1 18:57 2:26 2:44
Kirill Marchenko 0 1 1 -1 0 4 3 1 2 1 0/2 19:15 2:25 2:41
Morgan Barron 0 0 0 0 0 1 1 0 0 0 6/7 9:21 0:00 0:00
Ryan McLeod 0 0 0 -1 0 1 2 0 0 0 13/22 19:15 2:25 2:41
Scott Mayfield 0 0 0 -1 0 2 0 0 0 1 0/0 15:11 0:00 1:04
Tanner Jeannot 0 0 0 0 0 0 1 0 1 0 0/0 9:21 0:00 0:00
Troy Stecher 0 0 0 -1 2 1 1 0 0 1 0/0 14:06 0:00 0:00
3 Stars
1 - Morgan Geekie (SJS)
2 - Owen Tippett (SJS)
3 - Marcus Pettersson (SJS)
Power Play
San Jose Sharks - 2 on 5 Attempt(s) - 40.00%
Edmonton Oilers - 1 on 4 Attempt(s) - 25.00%
Penalty Kill
San Jose Sharks - 3 on 4 Attempt(s) - 75.00%
- Score 0 goal in Penalty Kill
Edmonton Oilers - 3 on 5 Attempt(s) - 60.00%
- Score 0 goal in Penalty Kill
Team Stat
San Jose Sharks - Hits : 11 - Faceoff Wins : 30 - Blocked Shots : 15 - Penalty Minutes : 8
Edmonton Oilers - Hits : 21 - Faceoff Wins : 36 - Blocked Shots : 9 - Penalty Minutes : 10
Official
Referees : Cody Beach and Wes Mccauley
Linesman : Tommy Hughes and Travis Toomey
Game Notes
16:12 of 2nd period - Edmonton Oilers goal is going for a video replay. After video review, Goal.
Owen Tippett has scored in a empty net!
Finance
Level 1 -- Attendance: 5533 (92.22%) -- Ticket Income $497,970
Level 2 -- Attendance: 4832 (96.64%) -- Ticket Income $241,600
Level 3 -- Attendance: 2908 (96.93%) -- Ticket Income $87,240
Level 4 -- Attendance: 4411 (88.22%) -- Ticket Income $88,220
Luxury Box -- Attendance: 897 (89.70%) -- Ticket Income $170,430
Game was played at the Rexall Place.
Total Attendance: 18581 (92.91%)
Total Ticket Income: $1,085,460
Other Income: $379,911
Total Income: $1,465,371
San Jose Sharks
5 vs 5 Forward
Center Left Wing Right Wing Time % Phy DF OF
1 Adam Henrique Owen Tippett Morgan Geekie 30 1 2 2
2 Morgan Frost Alexander Wennberg Mattias Janmark 30 1 2 2
3 Andrew Copp Peyton Krebs Max Domi 25 1 2 2
4 Luke Glendening Anthony Beauvillier Ilya Mikheyev 15 1 2 2
5 vs 5 Defense
Defense Defense Time % Phy DF OF
1 Joel Edmundson Connor Murphy 30 1 2 2
2 Jake Middleton Marcus Pettersson 30 1 2 2
3 Mattias Samuelsson Oliver Ekman-Larsson 25 1 2 2
4 Joel Edmundson Connor Murphy 15 1 2 2
PowerPlay Forward
Center Left Wing Right Wing Time % Phy DF OF
1 Adam Henrique Owen Tippett Morgan Geekie 50 1 2 2
2 Alexander Wennberg Ilya Mikheyev Mattias Janmark 50 1 2 2
PowerPlay Defense
Defense Defense Time % Phy DF OF
1 Joel Edmundson Connor Murphy 50 1 2 2
2 Jake Middleton Marcus Pettersson 50 1 2 2
Penalty Kill 4 Players Forward
Center Wing Time % Phy DF OF
1 Adam Henrique Owen Tippett 50 1 2 2
2 Alexander Wennberg Morgan Geekie 50 1 2 2
Penalty Kill 4 Players Defense
Defense Defense Time % Phy DF OF
1 Joel Edmundson Connor Murphy 50 1 2 2
2 Jake Middleton Marcus Pettersson 50 1 2 2
Penalty Kill - 3 Players Forward
Forward Time % Phy DF OF
1 Adam Henrique 50 1 2 2
2 Morgan Geekie 50 1 2 2
Penalty Kill - 3 Players Defense
Defense Defense Time % Phy DF OF
1 Joel Edmundson Connor Murphy 50 1 2 2
2 Jake Middleton Marcus Pettersson 50 1 2 2
4 vs 4 Forward
Center Wing Time % Phy DF OF
1 Adam Henrique Owen Tippett 50 1 2 2
2 Alexander Wennberg Morgan Geekie 50 1 2 2
4 vs 4 Defense
Defense Defense Time % Phy DF OF
1 Joel Edmundson Connor Murphy 50 1 2 2
2 Jake Middleton Marcus Pettersson 50 1 2 2
Last Minutes Offensive
Center Left Wing Right Wing Defense Defense
Morgan Geekie Owen Tippett Adam Henrique Joel Edmundson Connor Murphy
Last Minutes Defensive
Center Left Wing Right Wing Defense Defense
Morgan Geekie Owen Tippett Adam Henrique Joel Edmundson Connor Murphy
Goaltenders
Starting : Adin Hill
Backup : Jakub Dobes
Extra Forwards
Normal : Morgan Geekie, Max Domi, Owen Tippett - PP : Morgan Frost, Max Domi - PK : Andrew Copp
Extra Defensemen
Normal : Mattias Samuelsson, Oliver Ekman-Larsson, Jake Middleton - PP : Mattias Samuelsson - PK : Oliver Ekman-Larsson, Jake Middleton
Penalty Shots
Morgan Geekie, Owen Tippett, Alexander Wennberg, Adam Henrique, Morgan Frost
Scratches
Travis Boyd (Healthy), Zach Whitecloud (Healthy), Andre Burakovsky (Sore Right Knee Injury)
Edmonton Oilers
5 vs 5 Forward
Center Left Wing Right Wing Time % Phy DF OF
1 Ryan McLeod Adrian Kempe Kirill Marchenko 30 1 2 2
2 Connor McMichael Jake DeBrusk Brock Boeser 30 1 2 2
3 Boone Jenner Dylan Holloway Dawson Mercer 25 1 2 2
4 Morgan Barron Tanner Jeannot Derek Ryan 15 1 2 2
5 vs 5 Defense
Defense Defense Time % Phy DF OF
1 Jacob Trouba Brandon Carlo 35 1 2 2
2 David Savard Evan Bouchard 35 1 2 2
3 Troy Stecher Scott Mayfield 30 1 2 2
4 Troy Stecher Jacob Trouba 0 1 2 2
PowerPlay Forward
Center Left Wing Right Wing Time % Phy DF OF
1 Ryan McLeod Adrian Kempe Kirill Marchenko 50 1 2 2
2 Connor McMichael Jake DeBrusk Brock Boeser 50 1 2 2
PowerPlay Defense
Defense Defense Time % Phy DF OF
1 Jacob Trouba Brandon Carlo 50 1 2 2
2 David Savard Evan Bouchard 50 1 2 2
Penalty Kill 4 Players Forward
Center Wing Time % Phy DF OF
1 Ryan McLeod Kirill Marchenko 50 1 2 2
2 Brock Boeser Jake DeBrusk 50 1 2 2
Penalty Kill 4 Players Defense
Defense Defense Time % Phy DF OF
1 Jacob Trouba Brandon Carlo 50 1 2 2
2 David Savard Evan Bouchard 50 1 2 2
Penalty Kill - 3 Players Forward
Forward Time % Phy DF OF
1 Brock Boeser 50 1 2 2
2 Kirill Marchenko 50 1 2 2
Penalty Kill - 3 Players Defense
Defense Defense Time % Phy DF OF
1 Jacob Trouba Brandon Carlo 50 1 2 2
2 David Savard Evan Bouchard 50 1 2 2
4 vs 4 Forward
Center Wing Time % Phy DF OF
1 Ryan McLeod Kirill Marchenko 50 1 2 2
2 Brock Boeser Adrian Kempe 50 1 2 2
4 vs 4 Defense
Defense Defense Time % Phy DF OF
1 Jacob Trouba Brandon Carlo 50 1 2 2
2 David Savard Evan Bouchard 50 1 2 2
Last Minutes Offensive
Center Left Wing Right Wing Defense Defense
Ryan McLeod Adrian Kempe Kirill Marchenko Jacob Trouba Brandon Carlo
Last Minutes Defensive
Center Left Wing Right Wing Defense Defense
Ryan McLeod Adrian Kempe Kirill Marchenko Jacob Trouba Brandon Carlo
Goaltenders
Starting : Karel Vejmelka
Backup : Juuse Saros
Extra Forwards
Normal : Dylan Holloway, Boone Jenner, Dawson Mercer - PP : Dylan Holloway, Boone Jenner - PK : Dawson Mercer
Extra Defensemen
Normal : Jacob Trouba, Scott Mayfield, Troy Stecher - PP : Jacob Trouba - PK : Scott Mayfield, Troy Stecher
Penalty Shots
Boone Jenner, Kirill Marchenko, Brock Boeser, Jake DeBrusk, Ryan McLeod
Scratches
Luke Hughes (Healthy), Brett Pesce (Healthy), Xavier Bourgault (Healthy), Jonathan Quick (Healthy)
% Time on Ice - San Jose Sharks
Lines # - Real PCT - Wanted PCT - Time Play
Normal Forward
1 - 28% - 30% - 13:33
2 - 30% - 30% - 14:08
3 - 24% - 25% - 11:37
4 - 18% - 15% - 8:32
Normal Defense
1 - 29% - 30% - 13:59
2 - 33% - 30% - 15:52
3 - 25% - 25% - 12:09
4 - 12% - 15% - 5:50
PP Forward
1 - 49% - 50% - 2:39
2 - 51% - 50% - 2:46
PP Defense
1 - 47% - 50% - 2:33
2 - 53% - 50% - 2:52
PK Forward
1 - 52% - 50% - 2:31
2 - 48% - 50% - 2:20
PK Defense
1 - 49% - 50% - 2:23
2 - 51% - 50% - 2:28
PK3 Forward
1 - 0% - 50%
2 - 0% - 50%
PK3 Defense
1 - 0% - 50%
2 - 0% - 50%
44 Forward
1 - 53% - 50% - 0:56
2 - 47% - 50% - 0:50
44 Defense
1 - 54% - 50% - 0:57
2 - 46% - 50% - 0:49
Last Minute Offensive - 0:00
Last Minute Defensive - 0:08
Total
Forward - 60:00
Defense - 60:00
|
% Time on Ice - Edmonton Oilers
Lines # - Real PCT - Wanted PCT - Time Play
Normal Forward
1 - 28% - 30% - 13:14
2 - 29% - 30% - 13:47
3 - 24% - 25% - 11:36
4 - 19% - 15% - 9:21
Normal Defense
1 - 35% - 35% - 17:01
2 - 35% - 35% - 16:50
3 - 29% - 30% - 14:07
4 - 0% - 0% - 0:00
PP Forward
1 - 50% - 50% - 2:25
2 - 50% - 50% - 2:26
PP Defense
1 - 49% - 50% - 2:23
2 - 51% - 50% - 2:28
PK Forward
1 - 50% - 50% - 2:41
2 - 50% - 50% - 2:44
PK Defense
1 - 55% - 50% - 3:00
2 - 45% - 50% - 2:25
PK3 Forward
1 - 0% - 50%
2 - 0% - 50%
PK3 Defense
1 - 0% - 50%
2 - 0% - 50%
44 Forward
1 - 52% - 50% - 0:55
2 - 48% - 50% - 0:51
44 Defense
1 - 53% - 50% - 0:56
2 - 47% - 50% - 0:50
Last Minute Offensive - 0:00
Last Minute Defensive - 0:00
Total
Forward - 60:00
Defense - 60:00
|
Play-by-Play
1st period
0:01 of 1st period - Ryan McLeod wins face-off versus Adam Henrique in neutral zone.
0:04 of 1st period - Connor Murphy is hit by Jacob Trouba and loses puck.
0:52 of 1st period - Jake DeBrusk is hit by Marcus Pettersson.
0:58 of 1st period - Snap shot by Jake DeBrusk.
0:58 of 1st period - Stopped by Adin Hill without a rebound.
0:59 of 1st period - Luke Glendening wins face-off versus Morgan Barron in San Jose Sharks zone.
1:10 of 1st period - Snap shot by Morgan Barron.
1:10 of 1st period - Stopped by Adin Hill with a rebound.
1:12 of 1st period - Wrist shot by Derek Ryan.
1:12 of 1st period - Stopped by Adin Hill without a rebound.
1:13 of 1st period - Peyton Krebs wins face-off versus Connor McMichael in San Jose Sharks zone.
1:20 of 1st period - Wrist shot by Brock Boeser.
1:20 of 1st period - Goal by Brock Boeser - San Jose Sharks : 0 - Edmonton Oilers : 1.
1:21 of 1st period - Ryan McLeod wins face-off versus Morgan Frost in neutral zone.
1:26 of 1st period - Snap shot by Adrian Kempe.
1:26 of 1st period - Stopped by Adin Hill with a rebound.
1:46 of 1st period - Oliver Ekman-Larsson is hit by David Savard and loses puck.
1:53 of 1st period - Snap shot by Boone Jenner.
1:53 of 1st period - Deflect By Dylan Holloway.
1:53 of 1st period - Stopped by Adin Hill without a rebound.
1:54 of 1st period - Andrew Copp wins face-off versus Connor McMichael in San Jose Sharks zone.
2:19 of 1st period - Scott Mayfield is hit by Anthony Beauvillier and loses puck.
2:32 of 1st period - Wrist shot by Ilya Mikheyev.
2:32 of 1st period - Shot Misses the Net.
3:57 of 1st period - Mattias Samuelsson is hit by Tanner Jeannot and loses puck.
5:35 of 1st period - Ilya Mikheyev is hit by Adrian Kempe and loses puck.
5:42 of 1st period - David Savard is hit by Connor Murphy and loses puck.
5:57 of 1st period - Wrist shot by Connor McMichael.
5:57 of 1st period - Shot Blocked by Morgan Geekie.
5:59 of 1st period - Slapshot by Jake DeBrusk.
5:59 of 1st period - Shot Misses the Net.
6:01 of 1st period - Slapshot by Connor McMichael.
6:01 of 1st period - Deflect By Brock Boeser.
6:01 of 1st period - Shot Blocked by Marcus Pettersson.
6:01 of 1st period - Puck is out of play.
6:02 of 1st period - Morgan Frost wins face-off versus Connor McMichael in San Jose Sharks zone.
6:15 of 1st period - Snap shot by Brock Boeser.
6:15 of 1st period - Shot Misses the Net.
6:30 of 1st period - Minor Penalty to Connor McMichael for Tripping.
6:31 of 1st period - Adam Henrique wins face-off versus Ryan McLeod in Edmonton Oilers zone.
6:37 of 1st period - Snap shot by Owen Tippett.
6:37 of 1st period - Deflect By Morgan Geekie.
6:37 of 1st period - Stopped by Karel Vejmelka without a rebound.
6:38 of 1st period - Ryan McLeod wins face-off versus Adam Henrique in Edmonton Oilers zone.
6:43 of 1st period - Minor Penalty to Connor Murphy for Hooking.
6:44 of 1st period - Ryan McLeod wins face-off versus Adam Henrique in San Jose Sharks zone.
7:44 of 1st period - Icing by David Savard.
7:45 of 1st period - Brock Boeser wins face-off versus Alexander Wennberg in Edmonton Oilers zone.
7:58 of 1st period - Wrist shot by Morgan Geekie.
7:58 of 1st period - Goal by Morgan Geekie - San Jose Sharks : 1 - Edmonton Oilers : 1.
7:59 of 1st period - Brock Boeser wins face-off versus Alexander Wennberg in neutral zone.
8:02 of 1st period - Slapshot by Brock Boeser.
8:02 of 1st period - Shot Misses the Net.
8:10 of 1st period - Wrist shot by Alexander Wennberg.
8:10 of 1st period - Stopped by Karel Vejmelka with a rebound.
8:12 of 1st period - Slapshot by Marcus Pettersson.
8:12 of 1st period - Stopped by Karel Vejmelka without a rebound.
8:13 of 1st period - Ryan McLeod wins face-off versus Adam Henrique in Edmonton Oilers zone.
8:22 of 1st period - Snap shot by Kirill Marchenko.
8:22 of 1st period - Shot Misses the Net.
8:30 of 1st period - Penalty to Connor McMichael is over, Connor McMichael is back on ice.
8:38 of 1st period - Wrist shot by Jake DeBrusk.
8:38 of 1st period - Shot Misses the Net.
8:40 of 1st period - Wrist shot by Connor McMichael.
8:40 of 1st period - Shot Misses the Net.
8:43 of 1st period - Penalty to Connor Murphy is over, Connor Murphy is back on ice.
10:02 of 1st period - Minor Penalty to Connor McMichael for Cross-checking.
10:03 of 1st period - Morgan Frost wins face-off versus Brock Boeser in Edmonton Oilers zone.
10:05 of 1st period - Snap shot by Mattias Janmark.
10:05 of 1st period - Stopped by Karel Vejmelka without a rebound.
10:06 of 1st period - Jake DeBrusk wins face-off versus Morgan Frost in Edmonton Oilers zone.
11:18 of 1st period - Kirill Marchenko is hit by Owen Tippett and loses puck.
12:02 of 1st period - Penalty to Connor McMichael is over, Connor McMichael is back on ice.
12:47 of 1st period - Off-side.
12:48 of 1st period - Morgan Barron wins face-off versus Luke Glendening in neutral zone.
12:51 of 1st period - Slapshot by Evan Bouchard.
12:51 of 1st period - Stopped by Adin Hill with a rebound.
13:40 of 1st period - Connor Murphy is hit by Kirill Marchenko and loses puck.
14:07 of 1st period - Snap shot by Dawson Mercer.
14:07 of 1st period - Stopped by Adin Hill with a rebound.
14:09 of 1st period - Wrist shot by Dawson Mercer.
14:09 of 1st period - Stopped by Adin Hill without a rebound.
14:10 of 1st period - Morgan Frost wins face-off versus Ryan McLeod in San Jose Sharks zone.
14:16 of 1st period - Off-side.
14:17 of 1st period - Morgan Frost wins face-off versus Ryan McLeod in neutral zone.
14:24 of 1st period - Slapshot by Morgan Frost.
14:24 of 1st period - Stopped by Karel Vejmelka without a rebound.
14:25 of 1st period - Connor McMichael wins face-off versus Adam Henrique in Edmonton Oilers zone.
14:54 of 1st period - Andrew Copp is hit by Adrian Kempe and loses puck.
15:47 of 1st period - Snap shot by Andrew Copp.
15:47 of 1st period - Stopped by Karel Vejmelka with a rebound.
16:00 of 1st period - Minor Penalty to Evan Bouchard for Tripping.
16:01 of 1st period - Ryan McLeod wins face-off versus Alexander Wennberg in Edmonton Oilers zone.
16:23 of 1st period - Ilya Mikheyev is hit by Ryan McLeod and loses puck.
16:30 of 1st period - Snap shot by Kirill Marchenko.
16:30 of 1st period - Stopped by Adin Hill with a rebound.
16:36 of 1st period - Marcus Pettersson is hit by Ryan McLeod and loses puck.
16:51 of 1st period - Slapshot by Ilya Mikheyev.
16:51 of 1st period - Stopped by Karel Vejmelka with a rebound.
16:53 of 1st period - Snap shot by Mattias Janmark.
16:53 of 1st period - Deflect By Jacob Trouba.
16:53 of 1st period - Shot Misses the Net.
16:53 of 1st period - Puck is out of play.
16:54 of 1st period - Owen Tippett wins face-off versus Brock Boeser in Edmonton Oilers zone.
18:00 of 1st period - Penalty to Evan Bouchard is over, Evan Bouchard is back on ice.
18:32 of 1st period - Wrist shot by Ilya Mikheyev.
18:32 of 1st period - Shot Misses the Net.
19:14 of 1st period - Luke Glendening is hit by Boone Jenner and loses puck.
19:37 of 1st period - Icing by Morgan Barron.
19:38 of 1st period - Morgan Barron wins face-off versus Morgan Frost in Edmonton Oilers zone.
19:43 of 1st period - Wrist shot by Alexander Wennberg.
19:43 of 1st period - Shot Misses the Net.
19:59 of 1st period - Connor Murphy is hit by Brock Boeser and loses puck.
Goals for this period are 1 for San Jose Sharks vs 1 for Edmonton Oilers.
Shots for this period are 8 for San Jose Sharks vs 10 for Edmonton Oilers.
2nd period
0:01 of 2nd period - Connor McMichael wins face-off versus Adam Henrique in neutral zone.
0:04 of 2nd period - Slapshot by Connor McMichael.
0:04 of 2nd period - Stopped by Adin Hill with a rebound.
0:16 of 2nd period - Slapshot by Jake DeBrusk.
0:16 of 2nd period - Stopped by Adin Hill with a rebound.
0:36 of 2nd period - Snap shot by Adrian Kempe.
0:36 of 2nd period - Shot Blocked by Connor Murphy.
0:38 of 2nd period - Snap shot by Ryan McLeod.
0:38 of 2nd period - Stopped by Adin Hill without a rebound.
0:39 of 2nd period - Luke Glendening wins face-off versus Boone Jenner in San Jose Sharks zone.
0:43 of 2nd period - Off-side.
0:44 of 2nd period - Luke Glendening wins face-off versus Dawson Mercer in neutral zone.
1:35 of 2nd period - Snap shot by Boone Jenner.
1:35 of 2nd period - Deflect By Dylan Holloway.
1:35 of 2nd period - Stopped by Adin Hill with a rebound.
1:37 of 2nd period - Slapshot by David Savard.
1:37 of 2nd period - Deflect By Alexander Wennberg.
1:37 of 2nd period - Stopped by Adin Hill without a rebound.
1:38 of 2nd period - Andrew Copp wins face-off versus Connor McMichael in San Jose Sharks zone.
2:26 of 2nd period - Wrist shot by Morgan Frost.
2:26 of 2nd period - Stopped by Karel Vejmelka without a rebound.
2:27 of 2nd period - Morgan Barron wins face-off versus Morgan Frost in Edmonton Oilers zone.
2:27 of 2nd period - Morgan Barron is hit by Joel Edmundson.
2:32 of 2nd period - Icing by Derek Ryan.
2:33 of 2nd period - Morgan Barron wins face-off versus Adam Henrique in Edmonton Oilers zone.
2:43 of 2nd period - Off-side.
2:44 of 2nd period - Adam Henrique wins face-off versus Connor McMichael in neutral zone.
2:49 of 2nd period - Wrist shot by Owen Tippett.
2:49 of 2nd period - Stopped by Karel Vejmelka with a rebound.
2:55 of 2nd period - Wrist shot by Owen Tippett.
2:55 of 2nd period - Stopped by Karel Vejmelka without a rebound.
2:56 of 2nd period - Ryan McLeod wins face-off versus Adam Henrique in Edmonton Oilers zone.
3:12 of 2nd period - Slapshot by Kirill Marchenko.
3:12 of 2nd period - Deflect By Adrian Kempe.
3:12 of 2nd period - Shot Misses the Net.
3:12 of 2nd period - Puck is out of play.
3:13 of 2nd period - Connor McMichael wins face-off versus Morgan Frost in San Jose Sharks zone.
3:14 of 2nd period - Wrist shot by Jake DeBrusk.
3:14 of 2nd period - Stopped by Adin Hill without a rebound.
3:15 of 2nd period - Morgan Frost wins face-off versus Connor McMichael in San Jose Sharks zone.
3:40 of 2nd period - Oliver Ekman-Larsson is hit by Kirill Marchenko and loses puck.
4:03 of 2nd period - Wrist shot by Anthony Beauvillier.
4:03 of 2nd period - Stopped by Karel Vejmelka with a rebound.
4:05 of 2nd period - Slapshot by Anthony Beauvillier.
4:05 of 2nd period - Shot Blocked by Brandon Carlo.
4:07 of 2nd period - Slapshot by Luke Glendening.
4:07 of 2nd period - Deflect By Ilya Mikheyev.
4:07 of 2nd period - Stopped by Karel Vejmelka with a rebound.
4:09 of 2nd period - Wrist shot by Ilya Mikheyev.
4:09 of 2nd period - Stopped by Karel Vejmelka without a rebound.
4:10 of 2nd period - Connor McMichael wins face-off versus Morgan Frost in Edmonton Oilers zone.
4:21 of 2nd period - Wrist shot by Jake DeBrusk.
4:21 of 2nd period - Stopped by Adin Hill with a rebound.
4:23 of 2nd period - Wrist shot by Troy Stecher.
4:23 of 2nd period - Shot Blocked by Joel Edmundson.
4:25 of 2nd period - Wrist shot by Connor McMichael.
4:25 of 2nd period - Shot Misses the Net.
4:35 of 2nd period - Joel Edmundson is hit by Adrian Kempe and loses puck.
5:06 of 2nd period - Slapshot by Dylan Holloway.
5:06 of 2nd period - Shot Misses the Net.
5:08 of 2nd period - Slapshot by Jacob Trouba.
5:08 of 2nd period - Stopped by Adin Hill with a rebound.
5:18 of 2nd period - Snap shot by Brock Boeser.
5:18 of 2nd period - Stopped by Adin Hill with a rebound.
5:20 of 2nd period - Slapshot by Brandon Carlo.
5:20 of 2nd period - Stopped by Adin Hill with a rebound.
5:36 of 2nd period - Minor Penalty to Max Domi for Holding.
5:37 of 2nd period - Adam Henrique wins face-off versus Ryan McLeod in San Jose Sharks zone.
5:42 of 2nd period - Slapshot by Adam Henrique.
5:42 of 2nd period - Stopped by Karel Vejmelka with a rebound.
7:36 of 2nd period - Penalty to Max Domi is over, Max Domi is back on ice.
7:51 of 2nd period - Snap shot by Ilya Mikheyev.
7:51 of 2nd period - Stopped by Karel Vejmelka with a rebound.
8:52 of 2nd period - Jacob Trouba is hit by Mattias Janmark and loses puck.
9:17 of 2nd period - Connor McMichael is hit by Max Domi and loses puck.
10:07 of 2nd period - Kirill Marchenko is hit by Morgan Geekie and loses puck.
10:24 of 2nd period - Minor Penalty to Troy Stecher for Tripping.
10:25 of 2nd period - Adam Henrique wins face-off versus Brock Boeser in Edmonton Oilers zone.
10:26 of 2nd period - Snap shot by Morgan Geekie.
10:26 of 2nd period - Stopped by Karel Vejmelka with a rebound.
10:28 of 2nd period - Wrist shot by Adam Henrique.
10:28 of 2nd period - Stopped by Karel Vejmelka without a rebound.
10:29 of 2nd period - Brock Boeser wins face-off versus Adam Henrique in Edmonton Oilers zone.
10:42 of 2nd period - Snap shot by Owen Tippett.
10:42 of 2nd period - Shot Blocked by Kirill Marchenko.
10:44 of 2nd period - Slapshot by Connor Murphy.
10:44 of 2nd period - Shot Blocked by Brandon Carlo.
11:00 of 2nd period - Wrist shot by Mattias Janmark.
11:00 of 2nd period - Deflect By Ilya Mikheyev.
11:00 of 2nd period - Goal by Ilya Mikheyev - San Jose Sharks : 2 - Edmonton Oilers : 1.
11:01 of 2nd period - Connor McMichael wins face-off versus Adam Henrique in neutral zone.
11:14 of 2nd period - Snap shot by Connor McMichael.
11:14 of 2nd period - Stopped by Adin Hill with a rebound.
11:16 of 2nd period - Snap shot by Connor McMichael.
11:16 of 2nd period - Shot Blocked by Adam Henrique.
11:46 of 2nd period - Off-side.
11:47 of 2nd period - Boone Jenner wins face-off versus Andrew Copp in neutral zone.
11:50 of 2nd period - Snap shot by Dawson Mercer.
11:50 of 2nd period - Shot Misses the Net.
12:48 of 2nd period - Slapshot by Jake DeBrusk.
12:48 of 2nd period - Stopped by Adin Hill with a rebound.
13:07 of 2nd period - Snap shot by Adrian Kempe.
13:07 of 2nd period - Shot Blocked by Alexander Wennberg.
13:09 of 2nd period - Slapshot by Evan Bouchard.
13:09 of 2nd period - Shot Blocked by Connor Murphy.
13:29 of 2nd period - Snap shot by Morgan Geekie.
13:29 of 2nd period - Shot Blocked by Dawson Mercer.
13:31 of 2nd period - Wrist shot by Owen Tippett.
13:31 of 2nd period - Shot Blocked by Jacob Trouba.
13:33 of 2nd period - Slapshot by Connor Murphy.
13:33 of 2nd period - Deflect By Morgan Geekie.
13:33 of 2nd period - Stopped by Karel Vejmelka without a rebound.
13:34 of 2nd period - Adam Henrique wins face-off versus Ryan McLeod in Edmonton Oilers zone.
13:35 of 2nd period - Snap shot by Morgan Geekie.
13:35 of 2nd period - Stopped by Karel Vejmelka with a rebound.
13:37 of 2nd period - Snap shot by Owen Tippett.
13:37 of 2nd period - Shot Misses the Net.
13:39 of 2nd period - Slapshot by Morgan Geekie.
13:39 of 2nd period - Goal by Morgan Geekie - San Jose Sharks : 3 - Edmonton Oilers : 1.
13:40 of 2nd period - Ryan McLeod wins face-off versus Adam Henrique in neutral zone.
13:45 of 2nd period - Slapshot by Jacob Trouba.
13:45 of 2nd period - Stopped by Adin Hill without a rebound.
13:46 of 2nd period - Adam Henrique wins face-off versus Ryan McLeod in San Jose Sharks zone.
13:50 of 2nd period - Off-side.
13:51 of 2nd period - Connor McMichael wins face-off versus Morgan Frost in neutral zone.
14:00 of 2nd period - Backhand shot by Brock Boeser.
14:00 of 2nd period - Shot Blocked by Alexander Wennberg.
14:04 of 2nd period - Snap shot by Connor McMichael.
14:04 of 2nd period - Deflect By Jake DeBrusk.
14:04 of 2nd period - Stopped by Adin Hill with a rebound.
14:06 of 2nd period - Slapshot by Jake DeBrusk.
14:06 of 2nd period - Stopped by Adin Hill without a rebound.
14:07 of 2nd period - Adam Henrique wins face-off versus Kirill Marchenko in San Jose Sharks zone.
14:07 of 2nd period - Adam Henrique is hit by Kirill Marchenko.
14:57 of 2nd period - Joel Edmundson is hit by Dylan Holloway and loses puck.
15:18 of 2nd period - Luke Glendening is hit by Troy Stecher and loses puck.
15:32 of 2nd period - Minor Penalty to Jake Middleton for Interference.
15:33 of 2nd period - Adam Henrique wins face-off versus Connor McMichael in San Jose Sharks zone.
16:06 of 2nd period - Snap shot by Adrian Kempe.
16:06 of 2nd period - Shot Misses the Net.
16:08 of 2nd period - Wrist shot by Ryan McLeod.
16:08 of 2nd period - Shot Blocked by Marcus Pettersson.
16:10 of 2nd period - Slapshot by Adrian Kempe.
16:10 of 2nd period - Deflect By Kirill Marchenko.
16:10 of 2nd period - Deflect By Owen Tippett.
16:10 of 2nd period - Stopped by Adin Hill with a rebound.
16:12 of 2nd period - Slapshot by Jacob Trouba.
16:12 of 2nd period - Edmonton Oilers goal is going for a video replay.
16:12 of 2nd period - The goal is good.
16:12 of 2nd period - Goal by Jacob Trouba - San Jose Sharks : 3 - Edmonton Oilers : 2.
16:13 of 2nd period - Adam Henrique wins face-off versus Ryan McLeod in neutral zone.
16:22 of 2nd period - Ryan McLeod is hit by Owen Tippett and loses puck.
16:43 of 2nd period - Wrist shot by Connor McMichael.
16:43 of 2nd period - Deflect By Brock Boeser.
16:43 of 2nd period - Stopped by Adin Hill with a rebound.
16:49 of 2nd period - Wrist shot by Connor McMichael.
16:49 of 2nd period - Goal by Connor McMichael - San Jose Sharks : 3 - Edmonton Oilers : 3.
16:50 of 2nd period - Connor McMichael wins face-off versus Adam Henrique in neutral zone.
17:07 of 2nd period - Connor McMichael is hit by Adam Henrique.
18:14 of 2nd period - Minor Penalty to Connor Murphy for Tripping.
18:15 of 2nd period - Adam Henrique wins face-off versus Ryan McLeod in San Jose Sharks zone.
18:26 of 2nd period - Snap shot by Alexander Wennberg.
18:26 of 2nd period - Stopped by Karel Vejmelka with a rebound.
Goals for this period are 2 for San Jose Sharks vs 2 for Edmonton Oilers.
Shots for this period are 15 for San Jose Sharks vs 19 for Edmonton Oilers.
3rd period
0:01 of 3rd period - Owen Tippett wins face-off versus Connor McMichael in neutral zone.
0:14 of 3rd period - Penalty to Connor Murphy is over, Connor Murphy is back on ice.
0:54 of 3rd period - Snap shot by Andrew Copp.
0:54 of 3rd period - Shot Misses the Net.
1:44 of 3rd period - Wrist shot by Ilya Mikheyev.
1:44 of 3rd period - Stopped by Karel Vejmelka without a rebound.
1:45 of 3rd period - Morgan Frost wins face-off versus Connor McMichael in Edmonton Oilers zone.
1:46 of 3rd period - Wrist shot by Alexander Wennberg.
1:46 of 3rd period - Stopped by Karel Vejmelka with a rebound.
1:48 of 3rd period - Snap shot by Alexander Wennberg.
1:48 of 3rd period - Shot Blocked by Brock Boeser.
1:50 of 3rd period - Wrist shot by Connor Murphy.
1:50 of 3rd period - Stopped by Karel Vejmelka with a rebound.
1:52 of 3rd period - Slapshot by Connor Murphy.
1:52 of 3rd period - Deflect By Jake DeBrusk.
1:52 of 3rd period - Stopped by Karel Vejmelka with a rebound.
1:56 of 3rd period - Wrist shot by Mattias Janmark.
1:56 of 3rd period - Stopped by Karel Vejmelka without a rebound.
1:57 of 3rd period - Brock Boeser wins face-off versus Adam Henrique in Edmonton Oilers zone.
2:04 of 3rd period - Snap shot by Jake DeBrusk.
2:04 of 3rd period - Stopped by Adin Hill without a rebound.
2:05 of 3rd period - Connor McMichael wins face-off versus Adam Henrique in San Jose Sharks zone.
2:26 of 3rd period - Minor Penalty to Connor McMichael for Slashing.
2:27 of 3rd period - Adam Henrique wins face-off versus Brock Boeser in Edmonton Oilers zone.
3:02 of 3rd period - Wrist shot by Alexander Wennberg.
3:02 of 3rd period - Stopped by Karel Vejmelka with a rebound.
3:04 of 3rd period - Snap shot by Alexander Wennberg.
3:04 of 3rd period - Goal by Alexander Wennberg - San Jose Sharks : 4 - Edmonton Oilers : 3.
3:05 of 3rd period - Morgan Frost wins face-off versus Kirill Marchenko in neutral zone.
3:16 of 3rd period - Snap shot by Alexander Wennberg.
3:16 of 3rd period - Stopped by Karel Vejmelka with a rebound.
3:18 of 3rd period - Slapshot by Alexander Wennberg.
3:18 of 3rd period - Shot Misses the Net.
3:20 of 3rd period - Slapshot by Mattias Janmark.
3:20 of 3rd period - Stopped by Karel Vejmelka without a rebound.
3:21 of 3rd period - Connor McMichael wins face-off versus Adam Henrique in Edmonton Oilers zone.
5:07 of 3rd period - Snap shot by Morgan Geekie.
5:07 of 3rd period - Stopped by Karel Vejmelka without a rebound.
5:08 of 3rd period - Ryan McLeod wins face-off versus Andrew Copp in Edmonton Oilers zone.
5:21 of 3rd period - Slapshot by Ryan McLeod.
5:21 of 3rd period - Shot Misses the Net.
5:37 of 3rd period - Snap shot by Brock Boeser.
5:37 of 3rd period - Shot Blocked by Connor Murphy.
5:39 of 3rd period - Wrist shot by Scott Mayfield.
5:39 of 3rd period - Deflect By Brock Boeser.
5:39 of 3rd period - Shot Blocked by Connor Murphy.
5:39 of 3rd period - Puck is out of play.
5:40 of 3rd period - Adam Henrique wins face-off versus Connor McMichael in San Jose Sharks zone.
6:38 of 3rd period - Snap shot by Owen Tippett.
6:38 of 3rd period - Shot Blocked by Brandon Carlo.
6:40 of 3rd period - Slapshot by Mattias Samuelsson.
6:40 of 3rd period - Shot Blocked by Jacob Trouba.
6:42 of 3rd period - Wrist shot by Morgan Geekie.
6:42 of 3rd period - Shot Misses the Net.
6:44 of 3rd period - Snap shot by Oliver Ekman-Larsson.
6:44 of 3rd period - Stopped by Karel Vejmelka without a rebound.
6:45 of 3rd period - Ryan McLeod wins face-off versus Morgan Frost in Edmonton Oilers zone.
7:12 of 3rd period - Peyton Krebs is hit by Boone Jenner and loses puck.
8:41 of 3rd period - Snap shot by Alexander Wennberg.
8:41 of 3rd period - Stopped by Karel Vejmelka with a rebound.
9:42 of 3rd period - Snap shot by Adrian Kempe.
9:42 of 3rd period - Shot Blocked by Andrew Copp.
9:49 of 3rd period - Slapshot by Joel Edmundson.
9:49 of 3rd period - Shot Misses the Net.
10:06 of 3rd period - Slapshot by Evan Bouchard.
10:06 of 3rd period - Stopped by Adin Hill without a rebound.
10:07 of 3rd period - Morgan Frost wins face-off versus Connor McMichael in San Jose Sharks zone.
10:56 of 3rd period - Slapshot by Jake Middleton.
10:56 of 3rd period - Shot Blocked by Dylan Holloway.
11:19 of 3rd period - Icing by Jake Middleton.
11:20 of 3rd period - Connor McMichael wins face-off versus Luke Glendening in San Jose Sharks zone.
11:25 of 3rd period - Wrist shot by Brock Boeser.
11:25 of 3rd period - Stopped by Adin Hill with a rebound.
11:27 of 3rd period - Wrist shot by Jake DeBrusk.
11:27 of 3rd period - Stopped by Adin Hill with a rebound.
11:29 of 3rd period - Slapshot by Jacob Trouba.
11:29 of 3rd period - Deflect By Jake DeBrusk.
11:29 of 3rd period - Shot Misses the Net.
11:29 of 3rd period - Puck is out of play.
11:30 of 3rd period - Ryan McLeod wins face-off versus Adam Henrique in San Jose Sharks zone.
11:44 of 3rd period - Snap shot by Morgan Geekie.
11:44 of 3rd period - Shot Misses the Net.
12:15 of 3rd period - Snap shot by Morgan Barron.
12:15 of 3rd period - Deflect By Derek Ryan.
12:15 of 3rd period - Stopped by Adin Hill with a rebound.
12:17 of 3rd period - Slapshot by Jacob Trouba.
12:17 of 3rd period - Shot Misses the Net.
12:19 of 3rd period - Snap shot by Derek Ryan.
12:19 of 3rd period - Shot Blocked by Max Domi.
12:21 of 3rd period - Slapshot by Scott Mayfield.
12:21 of 3rd period - Stopped by Adin Hill without a rebound.
12:22 of 3rd period - Morgan Barron wins face-off versus Andrew Copp in San Jose Sharks zone.
12:49 of 3rd period - Wrist shot by Morgan Barron.
12:49 of 3rd period - Deflect By Derek Ryan.
12:49 of 3rd period - Stopped by Adin Hill with a rebound.
12:51 of 3rd period - Slapshot by Troy Stecher.
12:51 of 3rd period - Stopped by Adin Hill with a rebound.
12:53 of 3rd period - Snap shot by Derek Ryan.
12:53 of 3rd period - Stopped by Adin Hill without a rebound.
12:54 of 3rd period - Ryan McLeod wins face-off versus Adam Henrique in San Jose Sharks zone.
12:59 of 3rd period - Wrist shot by Ryan McLeod.
12:59 of 3rd period - Shot Misses the Net.
13:04 of 3rd period - Icing by Owen Tippett.
13:05 of 3rd period - Ryan McLeod wins face-off versus Adam Henrique in San Jose Sharks zone.
13:06 of 3rd period - Snap shot by Adrian Kempe.
13:06 of 3rd period - Stopped by Adin Hill without a rebound.
13:07 of 3rd period - Morgan Frost wins face-off versus Ryan McLeod in San Jose Sharks zone.
13:07 of 3rd period - Morgan Frost is hit by Evan Bouchard.
13:44 of 3rd period - Snap shot by Boone Jenner.
13:44 of 3rd period - Shot Misses the Net.
13:46 of 3rd period - Snap shot by Dylan Holloway.
13:46 of 3rd period - Stopped by Adin Hill with a rebound.
14:20 of 3rd period - Wrist shot by Adrian Kempe.
14:20 of 3rd period - Stopped by Adin Hill with a rebound.
14:22 of 3rd period - Backhand shot by Scott Mayfield.
14:22 of 3rd period - Stopped by Adin Hill with a rebound.
14:24 of 3rd period - Snap shot by Kirill Marchenko.
14:24 of 3rd period - Stopped by Adin Hill with a rebound.
14:58 of 3rd period - Slapshot by Troy Stecher.
14:58 of 3rd period - Shot Blocked by Ilya Mikheyev.
15:37 of 3rd period - Snap shot by Adrian Kempe.
15:37 of 3rd period - Stopped by Adin Hill with a rebound.
15:39 of 3rd period - Snap shot by Kirill Marchenko.
15:39 of 3rd period - Stopped by Adin Hill with a rebound.
15:41 of 3rd period - Wrist shot by Kirill Marchenko.
15:41 of 3rd period - Shot Blocked by Marcus Pettersson.
16:17 of 3rd period - Ilya Mikheyev is hit by Brandon Carlo and loses puck.
16:24 of 3rd period - Anthony Beauvillier is hit by Dawson Mercer and loses puck.
16:44 of 3rd period - Wrist shot by Anthony Beauvillier.
16:44 of 3rd period - Stopped by Karel Vejmelka without a rebound.
16:45 of 3rd period - Morgan Barron wins face-off versus Andrew Copp in Edmonton Oilers zone.
17:16 of 3rd period - Snap shot by Jacob Trouba.
17:16 of 3rd period - Deflect By Dylan Holloway.
17:16 of 3rd period - Stopped by Adin Hill with a rebound.
17:18 of 3rd period - Slapshot by Jacob Trouba.
17:18 of 3rd period - Deflect By Boone Jenner.
17:18 of 3rd period - Shot Misses the Net.
17:18 of 3rd period - Puck is out of play.
17:19 of 3rd period - Boone Jenner wins face-off versus Luke Glendening in San Jose Sharks zone.
17:36 of 3rd period - Joel Edmundson is hit by Brandon Carlo and loses puck.
18:31 of 3rd period - Brock Boeser is hit by Connor Murphy and loses puck.
18:38 of 3rd period - Edmonton Oilers, Karel Vejmelka is pulled from the net.
18:52 of 3rd period - Snap shot by Owen Tippett.
18:52 of 3rd period - Goal by Owen Tippett - San Jose Sharks : 5 - Edmonton Oilers : 3.
18:52 of 3rd period - Karel Vejmelka from Edmonton Oilers was sent back in the game.
18:53 of 3rd period - Andrew Copp wins face-off versus Boone Jenner in neutral zone.
19:18 of 3rd period - Luke Glendening is hit by Morgan Barron and loses puck.
Goals for this period are 2 for San Jose Sharks vs 0 for Edmonton Oilers.
Shots for this period are 14 for San Jose Sharks vs 17 for Edmonton Oilers.
Back to the Top